 Dungeon Crawl Stone Soup version 0.29.1-13-g9f3cf754e1 (webtiles) character file.

Game seed: 9101729906599750645

46 concernfroge the Ducker (level 3, -2/15 HPs)
             Began as a Felid Transmuter on Jan 28, 2023.
             Slain by a worm (9 damage)
             ... on level 2 of the Dungeon.
             The game lasted 00:02:56 (1763 turns).

concernfroge the Ducker (Felid Transmuter)          Turns: 1763, Time: 00:02:57

Health: -2/15      AC:  1    Str:  6    XL:     3   Next: 44%
Magic:  7/7        EV: 18    Int: 14    God:
Gold:   41         SH:  0    Dex: 18    Spells: 3/6 levels left
                                        Lives:  0   Deaths: 0

rFire   . . .      SeeInvis +     - Unarmed
rCold   . . .      Faith    .   (shield unavailable)
rNeg    . . .      Spirit   .   (body armour unavailable)
rPois   .          Reflect  .   (helmet unavailable)
rElec   .          Harm     .   (cloak unavailable)
rCorr   .          Rampage  .   (gloves unavailable)
Will    .....                   (boots unavailable)
Stlth   ++........              (no amulet)
HPRegen 0.05/turn               (no ring)
MPRegen 0.10/turn               (no ring)

@: quick
A: very small, claws 1, fangs 3, see invisible, speed 1, shaggy fur 1, stealthy
paws, no weapons or thrown items, no armour, multi-lived
a: no special abilities


You were on level 2 of the Dungeon.
You visited 1 branch of the dungeon, and saw 2 of its levels.

You collected 41 gold pieces.

Inventory:

Scrolls
 b - a scroll of acquirement {unknown}
 c - 3 scrolls of identify {unknown}
 e - 2 scrolls of butterflies {unknown}
Potions
 a - 3 potions of lignification
 d - 2 potions of flight {unknown}
 f - a potion of might {unknown}
 g - a potion of mutation {unknown}


   Skills:
 - Level 1.0 Fighting
 + Level 3.5 Dodging
 + Level 2.0 Stealth
 + Level 3.4 Unarmed Combat
 - Level 2.0 Spellcasting
 + Level 2.8 Transmutations


You had 3 spell levels left.
You knew the following spells:

 Your Spells              Type           Power      Damage    Failure   Level
a - Beastly Appendage     Tmut           18%        N/A       8%          1
b - Wereblood             Tmut           9%         N/A       11%         2

Your spell library contained the following spells:

 Spells                   Type           Power      Damage    Failure   Level
 Spider Form              Tmut/Pois      5%         N/A       36%         3
 Dazzling Flash           Conj/Hex       2%         N/A       56%         3
 Ice Form                 Ice/Tmut       5%         N/A       78%         4
 Iskenderun's Mystic Bla  Conj/Tloc      1%         2d3       93%         4
 Starburst                Conj/Fire      0%         6d3       100%        6


Dungeon Overview and Level Annotations

Branches:
Dungeon (2/15)

Altars:


Innate Abilities, Weirdness & Mutations

You have sharp claws.
You have razor-sharp teeth.
You have supernaturally acute eyesight. (SInv)
You cover ground quickly. (Speed+)
You are covered in fur. (AC +1)
Your paws help you pounce on unaware monsters.
You are incapable of wielding weapons or throwing items.
You cannot wear armour.
You gain extra lives every three experience levels.


Message History

Found a scroll labelled DAIGETT QELA.
There are monsters nearby!
You scratch the endoplasm. You bite the endoplasm.
You kill the endoplasm!
Found a book of Frost.
You scratch the worm.
The worm is lightly wounded.
The worm closely misses you.
You scratch the worm. You bite the worm.
The worm is moderately wounded.
You scratch the worm.
The worm is moderately wounded.
The worm barely misses you.
You barely miss the worm.
The worm is moderately wounded.
You scratch the worm but do no damage.
The worm is moderately wounded.
The worm barely misses you.
You barely miss the worm. You bite the worm.
The worm is moderately wounded.
The worm barely misses you.
You scratch the worm.
The worm is heavily wounded.
You scratch the worm but do no damage.
The worm is heavily wounded.
The worm barely misses you.
You scratch the worm. You bite the worm.
The worm is severely wounded.
You scratch the worm.
The worm is severely wounded.
The worm bites you!
Ouch! That really hurt!
You are too injured to fight recklessly!
You are too injured to fight recklessly!
You are too injured to fight recklessly!
You scratch the worm but do no damage.
The worm is severely wounded.
The worm bites you!
Ouch! That really hurt!
You die...

######......
#.......... #..:......
#........ #...?...#
#.......# #.....w.#
#....@..# #.......#
##### #...#######
#...#
#...#..[..########...#
+...).....##....##...#
#...#.....##....##...#
+...).....''....'.....
#...#.....##..[.#.....
#...#.....##....#.....


You could see a worm.

Vanquished Creatures
  3 dart slugs
  4 ball pythons (D:1)
  6 endoplasms
  3 goblins (D:1)
  2 hobgoblins (D:1)
  4 jackals (D:1)
  3 bats
  3 frilled lizards
  5 kobolds
  3 rats (D:1)
36 creatures vanquished.

Notes
Turn   | Place    | Note
-------+----------+-------------------------------------------
     0 | D:1      | concernfroge the Felid Transmuter began the quest for the
                  | Orb.
     0 | D:1      | Reached XP level 1. HP: 9/9 MP: 4/4
   309 | D:1      | Reached skill level 1 in Stealth
   364 | D:1      | Reached XP level 2. HP: 12/12 MP: 4/6
   590 | D:1      | Learned a level 2 spell: Wereblood
   899 | D:1      | Reached XP level 3. HP: 15/15 MP: 3/7
  1715 | D:2      | Found a faded altar of an unknown god.
  1763 | D:2      | Slain by a worm

Illustrated notes

Levels and vault maps discovered:
D:1:      ebering_hopf_link, layout_basic
D:2:      minmay_inner_zag, layout_basic, shapermc_ecumenical_altar_pompeii,
          basic_altar, uniq_natasha, uniq_terence

Skill      XL: |  1  2  3 |
---------------+----------+-----
Stealth        | 1 2 |  2.0
Dodging        | 3 |  3.5
Fighting       | |  1.0
Unarmed Combat | |  3.4
Spellcasting   | |  2.0
Transmutations | |  2.8

Action                   || total
-------------------------++-------
Melee: Unarmed           ||    90
       Bite              ||    12
       Punch             ||     2
       Headbutt          ||    10
 Cast: Beastly Appendage ||     8
       Wereblood         ||     3
 Stab: Sleeping          ||     5
Armor: Skin              ||     7
Dodge: Dodged            ||    48
